 Dungeon Crawl Stone Soup version 0.31-a0-981-geadf994542 (webtiles) character file.

Game seed: 14318320656139625745

169 Persephone the Cleaver (level 5, 0/45 HPs)
             Began as a Hill Orc Cinder Acolyte on Oct 31, 2023.
             Was an Elder of Ignis.
             Killed by nerve-wracking pain
             ... invoked by Menkaure
              (5 damage)
             ... on level 4 of the Dungeon.
             The game lasted 00:04:37 (2815 turns).

Persephone the Cleaver (Hill Orc Cinder Acolyte)    Turns: 2815, Time: 00:04:38

Health: 0/45       AC: 10    Str: 22    XL:     5   Next: 50%
Magic:  6/6        EV: 10    Int: 14    God:    Ignis [****..]
Gold:   137        SH:  0    Dex:  6    Spells: 6/6 levels left

rFire   + . .        a - -1 hand axe (flame)
rCold   . . .        (no shield)
rNeg    . . .        q - +2 ring mail "Jobanoc" {*Slow Str+3 Slay+4}
rPois   .            p - +2 hat
rElec   .            t - +0 cloak
rCorr   .            (no gloves)
SInv    .            (no boots)
Will    .....        (no amulet) Stlth
                     (no ring)
HPRegen 0.27/turn    (no ring)
MPRegen 0.10/turn

%: slow self (1%)
@: no status effects
A: no striking features
a: Renounce Religion, Fiery Armour, Foxfire Swarm, Rising Flame


You were on level 4 of the Dungeon.
You worshipped Ignis.
Ignis was greatly pleased with you.
You visited 1 branch of the dungeon, and saw 4 of its levels.

You collected 137 gold pieces.

Inventory:

Hand Weapons
 a - a -1 hand axe of flaming (weapon)
Missiles
 i - 2 poisoned darts
 n - 2 throwing nets
Armour
 p - a +2 hat (worn)
 q - the +2 ring mail "Jobanoc" (worn) {*Slow Str+3 Slay+4}
   (You found it on level 3 of the Dungeon)

   Str+3:     It affects your strength (+3).
   Slay+4:    It affects your accuracy & damage with ranged weapons and melee
   (+4).
   *Slow:     It may slow you when you take damage.
 t - a +0 cloak (worn)
Scrolls
 c - 5 scrolls of identify
 f - a scroll of silence
Potions
 d - 3 potions of curing
 e - a potion of mutation {unknown}
 g - a potion of brilliance {unknown}
 l - a potion of resistance {unknown}


   Skills:
 - Level 3.6 Fighting
 + Level 8.0 Axes
 - Level 1.0 Spellcasting
 - Level 3.2 Fire Magic


You had 6 spell levels left.
You didn't know any spells.
Your spell library contained the following spells:

 Spells                   Type           Power      Damage    Failure   Level
 Scorch                   Fire           18%        2d5       17%         2
 Ensorcelled Hibernation  Hex/Ice        0%         N/A       54%         2
 Passwall                 Tmut/Erth      0%         N/A       54%         2
 Inner Flame              Hex/Fire       5%         N/A       54%         3
 Swiftness                Air            0%         N/A       77%         3
 Alistair's Intoxication  Tmut/Pois      0%         N/A       100%        5
 Borgnjor's Vile Clutch   Necr/Erth      0%         N/A       100%        5
 Yara's Violent Unravell  Hex/Tmut       0%         3d3       100%        5
 Eringya's Noxious Bog    Tmut/Pois      0%         4d6       100%        6
 Enfeeble                 Hex            0%         N/A       100%        7


Dungeon Overview and Level Annotations

Branches:
Dungeon (4/15)
 Temple: D:4-7

Altars:
Gozag
Trog

Annotations:
D:4 Menkaure


Message History

Done exploring.
Done exploring.
What level of the Dungeon? (default 4, ? - help)
There is a stone staircase leading down here.
You climb downwards.
There is a stone staircase leading up here.
You see here a +0 plate armour.
Menkaure, Prince of Dust comes into view.
Menkaure shouts!
Menkaure casts a spell.
Menkaure seems to speed up.
Menkaure calls on the powers of darkness!
Your body is wracked with pain!
Menkaure gestures at you while chanting.
Pain shoots through your body!
* * * LOW HITPOINT WARNING * * *
Okay, then.
You hit Menkaure. You burn Menkaure.
Menkaure is lightly damaged.
Menkaure closely misses you.
You slash Menkaure! You burn Menkaure.
Menkaure is heavily damaged.
Menkaure hits you but does no damage.
You hit Menkaure. You burn Menkaure.
Menkaure is heavily damaged.
Menkaure hits you.
* * * LOW HITPOINT WARNING * * *
You hit Menkaure. You burn Menkaure.
Menkaure is severely damaged.
You feel your willpower return. Menkaure hits you.
* * * LOW HITPOINT WARNING * * *
Menkaure hits you!
* * * LOW HITPOINT WARNING * * *
Okay, then.
You hit Menkaure. You burn Menkaure.
Menkaure is almost destroyed.
Menkaure casts a spell at you. Pain shoots through your body!
You die...

############
...........######
......M@.......[#######
##########.####<.......
#.# ######### #.. ###.
.. .# .#


You could see Menkaure (fast).

Vanquished Creatures
  Crazy Yiuf (D:3)
  Terence (D:3)
  Natasha (twice) (D:2)
  An adder (D:3)
  A worm (D:3)
  8 orcs (D:3)
  3 endoplasms
  5 goblins
  6 hobgoblins
  5 kobolds
  A quokka (D:1)
  6 ball pythons
  4 bats
  3 frilled lizards
  2 rats
49 creatures vanquished.

Vanquished Creatures (others)
  10 foxfires (D:3)
10 creatures vanquished.

Grand Total: 59 creatures vanquished

Notes
Turn   | Place    | Note
-------+----------+-------------------------------------------
     0 | D:1      | Persephone the Hill Orc Cinder Acolyte began the quest for
                  | the Orb.
     0 | D:1      | Reached XP level 1. HP: 19/19 MP: 2/2
   203 | D:1      | Reached XP level 2. HP: 26/26 MP: 3/3
   459 | D:1      | Reached skill level 5 in Axes
   876 | D:2      | Found an opulent altar of Gozag.
  1385 | D:2      | Noticed Natasha
  1392 | D:2      | Killed Natasha
  1393 | D:2      | Reached skill level 6 in Axes
  1393 | D:2      | Reached XP level 3. HP: 26/31 MP: 4/4
  1773 | D:2      | Noticed Natasha
  1785 | D:2      | Killed Natasha
  1786 | D:2      | Reached XP level 4. HP: 9/39 MP: 5/5
  2012 | D:3      | Noticed Terence
  2032 | D:3      | Killed Terence
  2033 | D:3      | Reached skill level 7 in Axes
  2127 | D:3      | Identified the +2 ring mail "Jobanoc" {*Slow Str+3 Slay+4}
  2297 | D:3      | Found a bloodstained altar of Trog.
  2306 | D:3      | Reached XP level 5. HP: 33/45 MP: 6/6
  2404 | D:3      | Found a runed translucent door.
  2405 | D:3      | Noticed Crazy Yiuf
  2731 | D:3      | Killed Crazy Yiuf
  2732 | D:3      | Reached skill level 8 in Axes
  2806 | D:4      | Noticed Menkaure
  2815 | D:4      | Killed from afar by Menkaure

Illustrated notes

Levels and vault maps discovered:
D:1:      dpeg_arrival_signposts, layout_basic
D:2:      layout_loops_corners, basic_altar, uniq_natasha
D:3:      layout_rooms, nicolae_overflow_hidden_temple, uniq_terence,
          uniq_crazy_yiuf_cottage
D:4:      layout_loops_ring, minmay_temple_entry_large_hall, serial_shops,
          shop_fountains, gammafunk_ghost_necromancy,
          ebering_dispersal_statue_hall, grunt_decor_junction, uniq_edmund,
          uniq_menkaure

Skill      XL: |  1  2  3  4  5 |
---------------+----------------+-----
Axes           | 6 7 8 |  8.0
Fighting       | |  3.6
Spellcasting   | |  1.0
Fire Magic     | |  3.2

Action                     |  1- 3 |  4- 6 || total
---------------------------+-------+-------++-------
  Melee: Hand axe          |    76 |    56 ||   132
 Invoke: Fiery Armour      |     1 |     1 ||     2
         Foxfire Swarm     |       |     1 ||     1
    Use: Scroll            |       |     8 ||     8
 Armour: Robe              |    25 |       ||    25
         Scale mail        |    24 |    19 ||    43
         Ring mail         |       |    22 ||    22
  Dodge: Dodged            |    33 |    23 ||    56

Table legend: (Time is in decaauts)
 A = Elapsed time spent in this place.
 B = Non-inter-level travel time spent in this place.
 C = Inter-level travel time spent in this place.
 D = Time resting spent in this place.
 E = Time spent auto-exploring this place.
 F = Levels seen in this place.
 G = Mean time per level.
                   A        B        C        D        E       F      G
               +--------+--------+--------+--------+--------+-----+--------+
         Total |   2819 |   2651 |    168 |      0 |   2281 |   4 |  704.8 |
       Dungeon |   2819 |   2651 |    168 |      0 |   2281 |   4 |  704.8 |
               +--------+--------+--------+--------+--------+-----+--------+

Top non-repeatable levels by time:
     D:2: 1160 daAuts
     D:1: 848 daAuts
     D:3: 797 daAuts
     D:4: 13 daAuts
